EDMONTON vs BUFFALO

Created - April 25, 2021 at 12:47

Goals
1 2 3 T
EDMONTON 1 0 1 2
BUFFALO 0 0 0 0
Shots
1 2 3 T
EDMONTON 8 4 9 21
BUFFALO 12 10 11 33

1st period

1. EDMONTON , Mathieu Perreault 5 (Colin Wilson 14, Jason Demers 26) at 13:16

Penalties :
David Perron (EDM) for Holding (Minor) at 1:24

2nd period

No Goal

Penalties :
Derek Forbort (EDM) for Hooking (Minor) at 9:12

3rd period

2. EDMONTON , Kyle Palmieri 19 (Anze Kopitar 27) at 13:56

Penalties :
Brad Marchand (BUF) for Holding (Minor) at 5:29, Jason Demers (EDM) for Roughing (Double Minor) at 5:29, Roman Josi (BUF) for Hooking (Minor) at 6:47, Brad Marchand (BUF) for Hooking (Minor) at 17:42

Goalie Stats

Darcy Kuemper (EDM), 33 saves from 33 shots - (1.000), W, 30-15-4, 60:00 minutes
Alex Stalock (BUF), 19 saves from 21 shots - (0.905), L, 6-5-0, 60:00 minutes

Players Stats for EDMONTON

Player Name              G  A  P  +/- PIM S  H  SB GA TA FO     MP     PP MP  PK MP  
------------------------------------------------------------------------------------
Anze Kopitar             0  1  1   1  0   3  0  1  0  0  16/25  21:45   1:17   1:55 
Brooks Orpik             0  0  0   2  0   1  4  1  0  0  0/0    18:29   0:42   2:28 
Colin Wilson             0  1  1   1  0   0  0  0  0  0  0/0     6:09   0:00   0:00 
Craig Smith              0  0  0   0  0   1  0  0  0  0  0/1    15:24   0:42   0:00 
Darren Helm              0  0  0   0  0   0  0  0  0  0  1/3    14:26   0:00   2:20 
David Perron             0  0  0   0  2   3  1  0  0  0  0/2    17:03   0:42   0:27 
Derek Forbort            0  0  0   0  2   2  0  1  0  0  0/0    16:44   0:00   0:01 
Derek Ryan               0  0  0   0  0   1  0  1  0  0  5/14   13:23   0:00   0:39 
Jakub Voracek            0  0  0   1  0   1  3  0  0  0  0/2    19:50   1:17   0:00 
Jason Demers             0  1  1   2  4   1  0  3  0  0  0/0    16:58   0:42   1:56 
Josh Archibald           0  0  0   1  0   0  2  0  0  0  0/1     6:09   0:00   0:00 
Justin Holl              0  0  0   0  0   0  2  3  0  0  0/0    15:59   0:00   0:41 
Kyle Palmieri            1  0  1   1  0   3  4  0  0  0  1/3    20:29   1:17   0:52 
Mathieu Perreault        1  0  1   1  0   2  1  0  0  0  5/9     6:09   0:00   0:00 
Oliver Ekman-Larsson     0  0  0   0  0   1  3  0  0  0  0/0    25:13   1:17   2:11 
Travis Hamonic           0  0  0   0  0   1  1  2  0  0  0/0    25:05   1:17   2:03 
Tyler Johnson            0  0  0   0  0   0  0  0  0  0  4/10   16:02   0:42   0:00 
Vincent Hinostroza       0  0  0   0  0   1  0  0  0  0  0/2    15:13   0:00   3:07 

Players Stats for BUFFALO

Player Name              G  A  P  +/- PIM S  H  SB GA TA FO     MP     PP MP  PK MP  
------------------------------------------------------------------------------------
Alex Chiasson            0  0  0   0  0   0  0  0  0  0  0/0     0:00   0:00   0:00 
Alex Killorn             0  0  0   0  0   2  0  0  0  0  0/0    11:38   0:00   0:00 
Brad Marchand            0  0  0   0  4   4  2  0  0  0  0/1    18:17   1:48   0:00 
Brent Seabrook           0  0  0  -1  0   1  5  0  0  0  0/0    20:15   1:38   1:43 
Brock Nelson             0  0  0   0  0   7  2  0  0  0  1/4    20:10   1:48   0:00 
Carl Hagelin             0  0  0   0  0   0  1  0  0  0  0/0    11:56   0:00   0:57 
Charlie Coyle            0  0  0  -2  0   2  2  1  0  0  1/1    16:58   2:52   0:00 
David Backes             0  0  0   0  0   0  1  0  0  0  0/0     9:33   0:00   1:02 
Drew Doughty             0  0  0   0  0   1  1  0  0  0  0/0    25:44   2:20   0:57 
Eric Staal               0  0  0  -2  0   3  2  0  0  0  9/23   18:07   2:10   0:00 
James van Riemsdyk       0  0  0  -2  0   1  2  0  0  0  0/1    17:01   2:52   0:00 
Jordan Staal             0  0  0   0  0   1  0  1  0  0  7/10   14:41   0:42   2:21 
Marc Staal               0  0  0  -1  0   0  1  2  0  0  0/0    15:35   0:00   1:43 
Marco Scandella          0  0  0  -1  0   0  0  0  0  0  0/0    14:31   0:42   0:00 
Matt Duchene             0  0  0   0  0   3  0  0  0  0  15/22  18:19   1:48   0:00 
Nate Thompson            0  0  0   0  0   0  0  0  0  0  7/10    8:31   0:00   0:00 
Noel Acciari             0  0  0   0  0   3  0  0  0  0  0/0     8:50   0:00   0:19 
Roman Josi               0  0  0   0  2   3  0  1  0  0  0/0    25:10   3:02   0:57 
Shea Theodore            0  0  0  -1  0   2  0  0  0  0  0/0    18:44   1:38   0:00 

3 Stars

1 - Darcy Kuemper (EDM)
2 - Kyle Palmieri (EDM)
3 - Mathieu Perreault (EDM)

Power Play

EDMONTON - 0 on 2 Attempt(s) - 0.00%
BUFFALO - 0 on 3 Attempt(s) - 0.00%

Penalty Kill

EDMONTON - 3 on 3 Attempt(s) - 100.00% - Score 0 goal in Penalty Kill
BUFFALO - 2 on 2 Attempt(s) - 100.00% - Score 0 goal in Penalty Kill

Team Stat

EDMONTON - Hits : 21 - Faceoff Wins : 32 - Blocked Shots : 12 - Penalty Minutes : 8
BUFFALO - Hits : 19 - Faceoff Wins : 40 - Blocked Shots : 5 - Penalty Minutes : 6

Official

Referees : Kevin Pollock and Terry Koharski
Linesman : Dwayne Mackey and Ryan Galloway

Game Notes

No Game Note

Finance

Level 1 -- Attendance: 5292 (88.20%) -- Ticket Income $423,360
Level 2 -- Attendance: 4918 (98.36%) -- Ticket Income $245,900
Level 3 -- Attendance: 2000 (100.00%) -- Ticket Income $56,000
Level 4 -- Attendance: 4000 (100.00%) -- Ticket Income $60,000
Luxury Box -- Attendance: 1000 (100.00%) -- Ticket Income $160,000
Game was played at the KeyBank Center.
Total Attendance: 17210 (95.61%)
Total Ticket Income: $945,260
Total Income: $945,260

EDMONTON

5 vs 5 Forward 
   Center                   Left Wing                Right Wing               Time % Phy DF OF 
 1 Anze Kopitar             Jakub Voracek            Kyle Palmieri            35     1   2  2  
 2 Tyler Johnson            David Perron             Craig Smith              30     1   2  2  
 3 Derek Ryan               Darren Helm              Vincent Hinostroza       25     1   2  2  
 4 Mathieu Perreault        Colin Wilson             Josh Archibald           10     1   2  2  

5 vs 5 Defense 
   Defense                  Defense                                           Time % Phy DF OF 
 1 Oliver Ekman-Larsson     Travis Hamonic                                    35     1   2  2  
 2 Brooks Orpik             Jason Demers                                      30     1   2  2  
 3 Derek Forbort            Justin Holl                                       25     1   2  2  
 4 Oliver Ekman-Larsson     Travis Hamonic                                    10     1   2  2  

PowerPlay Forward 
   Center                   Left Wing                Right Wing               Time % Phy DF OF 
 1 Anze Kopitar             Jakub Voracek            Kyle Palmieri            60     1   2  2  
 2 Tyler Johnson            David Perron             Craig Smith              40     1   2  2  

PowerPlay Defense
   Defense                  Defense                                           Time % Phy DF OF 
 1 Oliver Ekman-Larsson     Travis Hamonic                                    60     1   2  2  
 2 Brooks Orpik             Jason Demers                                      40     1   2  2  

Penalty Kill 4 Players Forward 
   Center                   Wing                     Time % Phy DF OF 
 1 Anze Kopitar             Vincent Hinostroza       60     1   2  2  
 2 David Perron             Kyle Palmieri            40     1   2  2  

Penalty Kill 4 Players Defense
   Defense                  Defense                  Time % Phy DF OF 
 1 Oliver Ekman-Larsson     Travis Hamonic           60     1   2  2  
 2 Brooks Orpik             Jason Demers             40     1   2  2  

Penalty Kill - 3 Players Forward 
   Forward                                           Time % Phy DF OF 
 1 Anze Kopitar                                      60     1   2  2  
 2 Vincent Hinostroza                                40     1   2  2  

Penalty Kill - 3 Players Defense
   Defense                  Defense                  Time % Phy DF OF 
 1 Oliver Ekman-Larsson     Travis Hamonic           60     1   2  2  
 2 Brooks Orpik             Jason Demers             40     1   2  2  

4 vs 4 Forward 
   Center                   Wing                     Time % Phy DF OF 
 1 Anze Kopitar             Jakub Voracek            60     1   2  2  
 2 David Perron             Kyle Palmieri            40     1   2  2  

4 vs 4 Defense
   Defense                  Defense                  Time % Phy DF OF 
 1 Oliver Ekman-Larsson     Travis Hamonic           60     1   2  2  
 2 Brooks Orpik             Jason Demers             40     1   2  2  

Last Minutes Offensive
   Center                   Left Wing                Right Wing               Defense                  Defense                  
   Anze Kopitar             Jakub Voracek            Kyle Palmieri            Oliver Ekman-Larsson     Travis Hamonic           

Last Minutes Defensive
   Center                   Left Wing                Right Wing               Defense                  Defense                  
   Anze Kopitar             Jakub Voracek            Kyle Palmieri            Oliver Ekman-Larsson     Travis Hamonic           

Goaltenders
Starting : Darcy Kuemper            
Backup : Aaron Dell               

Extra Forwards
Normal : Tyler Johnson, Derek Ryan, Darren Helm - PP : Tyler Johnson, Derek Ryan - PK : Darren Helm
Extra Defensemen
Normal : Derek Forbort, Justin Holl, Brooks Orpik - PP : Derek Forbort - PK : Justin Holl, Brooks Orpik
Penalty Shots
Anze Kopitar, Jakub Voracek, David Perron, Kyle Palmieri, Vincent Hinostroza

Scratches
EDM Cap Hit (Suspend)

BUFFALO

5 vs 5 Forward 
   Center                   Left Wing                Right Wing               Time % Phy DF OF 
 1 Matt Duchene             Brad Marchand            Brock Nelson             35     1   0  4  
 2 Eric Staal               James van Riemsdyk       Charlie Coyle            30     1   0  4  
 3 Jordan Staal             Alex Killorn             Carl Hagelin             25     1   1  3  
 4 Nate Thompson            Noel Acciari             David Backes             10     2   2  1  

5 vs 5 Defense 
   Defense                  Defense                                           Time % Phy DF OF 
 1 Roman Josi               Drew Doughty                                      35     1   1  3  
 2 Brent Seabrook           Shea Theodore                                     30     1   1  3  
 3 Marco Scandella          Marc Staal                                        25     1   1  3  
 4 Roman Josi               Drew Doughty                                      10     1   1  3  

PowerPlay Forward 
   Center                   Left Wing                Right Wing               Time % Phy DF OF 
 1 Matt Duchene             Brad Marchand            Brock Nelson             60     0   0  5  
 2 Eric Staal               James van Riemsdyk       Charlie Coyle            40     0   0  5  

PowerPlay Defense
   Defense                  Defense                                           Time % Phy DF OF 
 1 Roman Josi               Drew Doughty                                      60     1   0  4  
 2 Brent Seabrook           Shea Theodore                                     40     1   0  4  

Penalty Kill 4 Players Forward 
   Center                   Wing                     Time % Phy DF OF 
 1 Jordan Staal             Brad Marchand            60     2   2  1  
 2 Noel Acciari             Carl Hagelin             40     1   3  1  

Penalty Kill 4 Players Defense
   Defense                  Defense                  Time % Phy DF OF 
 1 Roman Josi               Drew Doughty             60     1   2  2  
 2 Brent Seabrook           Marc Staal               40     1   2  2  

Penalty Kill - 3 Players Forward 
   Forward                                           Time % Phy DF OF 
 1 Jordan Staal                                      60     1   4  0  
 2 Noel Acciari                                      40     1   4  0  

Penalty Kill - 3 Players Defense
   Defense                  Defense                  Time % Phy DF OF 
 1 Roman Josi               Drew Doughty             60     1   2  2  
 2 Brent Seabrook           Marc Staal               40     1   2  2  

4 vs 4 Forward 
   Center                   Wing                     Time % Phy DF OF 
 1 Eric Staal               Brock Nelson             60     1   1  3  
 2 Jordan Staal             Alex Killorn             40     1   1  3  

4 vs 4 Defense
   Defense                  Defense                  Time % Phy DF OF 
 1 Roman Josi               Drew Doughty             60     1   2  2  
 2 Brent Seabrook           Shea Theodore            40     1   2  2  

Last Minutes Offensive
   Center                   Left Wing                Right Wing               Defense                  Defense                  
   Matt Duchene             Brad Marchand            Brock Nelson             Roman Josi               Drew Doughty             

Last Minutes Defensive
   Center                   Left Wing                Right Wing               Defense                  Defense                  
   Jordan Staal             Brad Marchand            Brock Nelson             Roman Josi               Drew Doughty             

Goaltenders
Starting : Alex Stalock             
Backup : Tuukka Rask              

Extra Forwards
Normal : Jordan Staal, James van Riemsdyk, Carl Hagelin - PP : Jordan Staal, James van Riemsdyk - PK : Carl Hagelin
Extra Defensemen
Normal : Shea Theodore, Brent Seabrook, Marc Staal - PP : Marco Scandella - PK : Shea Theodore, Marco Scandella
Penalty Shots
Matt Duchene, Brad Marchand, Brock Nelson, James van Riemsdyk, Charlie Coyle

Scratches
Matt Grzelcyk (Healthy)

% Time on Ice - EDMONTON

Lines # - Real PCT - Wanted PCT - Time Play
Normal Forward
1 - 34% - 35% - 17:07
2 - 29% - 30% - 14:42
3 - 24% - 25% - 12:06
4 - 12% - 10% - 6:09
Normal Defense
1 - 34% - 35% - 17:11
2 - 28% - 30% - 14:07
3 - 33% - 25% - 16:17
4 - 5% - 10% - 2:29
PP Forward
1 - 65% - 60% - 1:17
2 - 35% - 40% - 0:42
PP Defense
1 - 65% - 60% - 1:17
2 - 35% - 40% - 0:42
PK Forward
1 - 81% - 60% - 3:48
2 - 19% - 40% - 0:52
PK Defense
1 - 47% - 60% - 2:11
2 - 53% - 40% - 2:29
PK3 Forward
1 - 0% - 60%
2 - 0% - 40%
PK3 Defense
1 - 0% - 60%
2 - 0% - 40%
44 Forward
1 - 63% - 60% - 2:04
2 - 37% - 40% - 1:13
44 Defense
1 - 63% - 60% - 2:05
2 - 37% - 40% - 1:12
Last Minute Offensive  - 0:00
Last Minute Defensive  - 0:00
Total
Forward - 60:00
Defense - 60:00

% Time on Ice - BUFFALO

Lines # - Real PCT - Wanted PCT - Time Play
Normal Forward
1 - 33% - 35% - 16:31
2 - 28% - 30% - 14:06
3 - 22% - 25% - 10:56
4 - 17% - 10% - 8:31
Normal Defense
1 - 35% - 35% - 17:17
2 - 32% - 30% - 16:11
3 - 28% - 25% - 13:49
4 - 6% - 10% - 2:47
PP Forward
1 - 39% - 60% - 1:48
2 - 61% - 40% - 2:52
PP Defense
1 - 65% - 60% - 3:02
2 - 35% - 40% - 1:38
PK Forward
1 - 84% - 60% - 1:40
2 - 16% - 40% - 0:19
PK Defense
1 - 48% - 60% - 0:57
2 - 52% - 40% - 1:02
PK3 Forward
1 - 100% - 60% - 0:41
2 - 0% - 40% - 0:00
PK3 Defense
1 - 0% - 60% - 0:00
2 - 100% - 40% - 0:41
44 Forward
1 - 73% - 60% - 1:54
2 - 27% - 40% - 0:42
44 Defense
1 - 94% - 60% - 2:26
2 - 6% - 40% - 0:10
Last Minute Offensive  - 0:00
Last Minute Defensive  - 0:00
Total
Forward - 60:00
Defense - 60:00

Play-by-Play

1st period


0:01 of 1st period - Matt Duchene wins face-off versus Anze Kopitar in neutral zone.
0:22 of 1st period - Travis Hamonic is hit by Brad Marchand and loses puck.
1:21 of 1st period - Shot by Eric Staal.
1:21 of 1st period - Shot Misses the Net.
1:24 of 1st period - Minor Penalty to David Perron for Holding.
1:25 of 1st period - Matt Duchene wins face-off versus Anze Kopitar in EDMONTON zone.
1:26 of 1st period - Shot by Drew Doughty.
1:26 of 1st period - Stopped by Darcy Kuemper with a rebound.
1:28 of 1st period - Shot by Roman Josi.
1:28 of 1st period - Stopped by Darcy Kuemper with a rebound.
1:30 of 1st period - Shot by Brad Marchand.
1:30 of 1st period - Stopped by Darcy Kuemper without a rebound.
1:31 of 1st period - Eric Staal wins face-off versus Anze Kopitar in EDMONTON zone.
1:58 of 1st period - Shot by Roman Josi.
1:58 of 1st period - Stopped by Darcy Kuemper without a rebound.
1:59 of 1st period - Matt Duchene wins face-off versus Anze Kopitar in EDMONTON zone.
2:24 of 1st period - Shot by Matt Duchene.
2:24 of 1st period - Stopped by Darcy Kuemper without a rebound.
2:25 of 1st period - Darren Helm wins face-off versus Eric Staal in EDMONTON zone.
2:25 of 1st period - Darren Helm is hit by Charlie Coyle.
2:41 of 1st period - Shot by Eric Staal.
2:41 of 1st period - Shot Blocked by Brooks Orpik.
2:43 of 1st period - Shot by Roman Josi.
2:43 of 1st period - Shot Blocked by Jason Demers.
2:45 of 1st period - Shot by Eric Staal.
2:45 of 1st period - Deflect By Charlie Coyle.
2:45 of 1st period - Stopped by Darcy Kuemper without a rebound.
2:46 of 1st period - Anze Kopitar wins face-off versus Matt Duchene in EDMONTON zone.
2:55 of 1st period - Shot by Shea Theodore.
2:55 of 1st period - Shot Blocked by Anze Kopitar.
2:57 of 1st period - Shot by Brock Nelson.
2:57 of 1st period - Shot Misses the Net.
2:59 of 1st period - Shot by Brad Marchand.
2:59 of 1st period - Shot Misses the Net.
3:01 of 1st period - Shot by Brock Nelson.
3:01 of 1st period - Shot Misses the Net.
3:03 of 1st period - Shot by Shea Theodore.
3:03 of 1st period - Shot Misses the Net.
3:05 of 1st period - Shot by Brock Nelson.
3:05 of 1st period - Shot Misses the Net.
3:07 of 1st period - Shot by Brock Nelson.
3:07 of 1st period - Stopped by Darcy Kuemper without a rebound.
3:08 of 1st period - Eric Staal wins face-off versus Darren Helm in EDMONTON zone.
3:22 of 1st period - Shot by Charlie Coyle.
3:22 of 1st period - Shot Misses the Net.
3:32 of 1st period - Shot by Tyler Johnson.
3:32 of 1st period - Deflect By David Perron.
3:32 of 1st period - Stopped by Alex Stalock with a rebound.
3:56 of 1st period - Alex Killorn is hit by David Perron and loses puck.
4:39 of 1st period - Shot by Derek Ryan.
4:39 of 1st period - Shot Misses the Net.
4:57 of 1st period - Icing by Oliver Ekman-Larsson.
4:58 of 1st period - Eric Staal wins face-off versus Anze Kopitar in EDMONTON zone.
5:29 of 1st period - Shot by Kyle Palmieri.
5:29 of 1st period - Shot Misses the Net.
5:31 of 1st period - Shot by Travis Hamonic.
5:31 of 1st period - Shot Misses the Net.
5:57 of 1st period - Shot by Colin Wilson.
5:57 of 1st period - Shot Misses the Net.
6:06 of 1st period - Brent Seabrook is hit by Mathieu Perreault and loses puck.
6:21 of 1st period - Shot by Mathieu Perreault.
6:21 of 1st period - Stopped by Alex Stalock without a rebound.
6:22 of 1st period - Matt Duchene wins face-off versus Vincent Hinostroza in BUFFALO zone.
6:33 of 1st period - Shot by Matt Duchene.
6:33 of 1st period - Stopped by Darcy Kuemper without a rebound.
6:34 of 1st period - Nate Thompson wins face-off versus Tyler Johnson in EDMONTON zone.
6:52 of 1st period - Tyler Johnson is hit by Drew Doughty and loses puck.
7:13 of 1st period - Shot by Noel Acciari.
7:13 of 1st period - Shot Blocked by Travis Hamonic.
7:15 of 1st period - Shot by Nate Thompson.
7:15 of 1st period - Shot Misses the Net.
7:44 of 1st period - Brad Marchand is hit by Oliver Ekman-Larsson and loses puck.
7:51 of 1st period - Shot by Matt Duchene.
7:51 of 1st period - Shot Misses the Net.
8:37 of 1st period - Shot by Vincent Hinostroza.
8:37 of 1st period - Shot Misses the Net.
9:12 of 1st period - Jordan Staal is hit by Kyle Palmieri and loses puck.
9:20 of 1st period - Off-side.
9:21 of 1st period - Mathieu Perreault wins face-off versus Brock Nelson in neutral zone.
9:27 of 1st period - Shot by Justin Holl.
9:27 of 1st period - Shot Misses the Net.
9:33 of 1st period - Josh Archibald is hit by Brad Marchand and loses puck.
10:09 of 1st period - Icing by Jakub Voracek.
10:10 of 1st period - Anze Kopitar wins face-off versus Eric Staal in EDMONTON zone.
12:15 of 1st period - Icing by Derek Forbort.
12:16 of 1st period - Jordan Staal wins face-off versus Craig Smith in EDMONTON zone.
12:42 of 1st period - Shot by Tyler Johnson.
12:42 of 1st period - Shot Misses the Net.
12:58 of 1st period - Shot by Anze Kopitar.
12:58 of 1st period - Shot Misses the Net.
13:00 of 1st period - Shot by Anze Kopitar.
13:00 of 1st period - Shot Misses the Net.
13:02 of 1st period - Shot by Jakub Voracek.
13:02 of 1st period - Shot Blocked by Jordan Staal.
13:04 of 1st period - Shot by Jason Demers.
13:04 of 1st period - Stopped by Alex Stalock without a rebound.
13:05 of 1st period - Mathieu Perreault wins face-off versus Eric Staal in BUFFALO zone.
13:08 of 1st period - Shot by Josh Archibald.
13:08 of 1st period - Shot Misses the Net.
13:10 of 1st period - Shot by Brooks Orpik.
13:10 of 1st period - Stopped by Alex Stalock with a rebound.
13:12 of 1st period - Shot by Josh Archibald.
13:12 of 1st period - Shot Misses the Net.
13:14 of 1st period - Shot by Jason Demers.
13:14 of 1st period - Shot Blocked by Charlie Coyle.
13:16 of 1st period - Shot by Colin Wilson.
13:16 of 1st period - Deflect By Mathieu Perreault.
13:16 of 1st period - Goal by Mathieu Perreault - EDMONTON : 1 - BUFFALO : 0.
13:17 of 1st period - Matt Duchene wins face-off versus Anze Kopitar in neutral zone.
13:57 of 1st period - Icing by Drew Doughty.
13:58 of 1st period - Matt Duchene wins face-off versus Derek Ryan in BUFFALO zone.
14:09 of 1st period - Shot by Matt Duchene.
14:09 of 1st period - Shot Misses the Net.
14:11 of 1st period - Shot by Roman Josi.
14:11 of 1st period - Stopped by Darcy Kuemper without a rebound.
14:12 of 1st period - Eric Staal wins face-off versus Tyler Johnson in EDMONTON zone.
14:45 of 1st period - Shot by Craig Smith.
14:45 of 1st period - Stopped by Alex Stalock without a rebound.
14:46 of 1st period - Anze Kopitar wins face-off versus Nate Thompson in BUFFALO zone.
15:09 of 1st period - Shot by Jakub Voracek.
15:09 of 1st period - Shot Misses the Net.
16:07 of 1st period - Icing by Vincent Hinostroza.
16:08 of 1st period - Derek Ryan wins face-off versus Eric Staal in EDMONTON zone.
16:10 of 1st period - Icing by Vincent Hinostroza.
16:11 of 1st period - Derek Ryan wins face-off versus Eric Staal in EDMONTON zone.
16:34 of 1st period - Brooks Orpik is hit by James van Riemsdyk and loses puck.
17:21 of 1st period - Shot by Tyler Johnson.
17:21 of 1st period - Deflect By Craig Smith.
17:21 of 1st period - Shot Misses the Net.
17:52 of 1st period - Shot by Brock Nelson.
17:52 of 1st period - Stopped by Darcy Kuemper with a rebound.
17:54 of 1st period - Shot by Brock Nelson.
17:54 of 1st period - Shot Misses the Net.
17:56 of 1st period - Shot by Brock Nelson.
17:56 of 1st period - Stopped by Darcy Kuemper with a rebound.
17:58 of 1st period - Shot by Brad Marchand.
17:58 of 1st period - Stopped by Darcy Kuemper without a rebound.
17:59 of 1st period - Nate Thompson wins face-off versus Mathieu Perreault in EDMONTON zone.
18:11 of 1st period - Noel Acciari is hit by Josh Archibald and loses puck.
18:37 of 1st period - Off-side.
18:38 of 1st period - Anze Kopitar wins face-off versus Matt Duchene in neutral zone.
18:45 of 1st period - Shot by Kyle Palmieri.
18:45 of 1st period - Deflect By Jakub Voracek.
18:45 of 1st period - Shot Misses the Net.
18:47 of 1st period - Shot by Jakub Voracek.
18:47 of 1st period - Shot Misses the Net.
18:49 of 1st period - Shot by Oliver Ekman-Larsson.
18:49 of 1st period - Stopped by Alex Stalock with a rebound.
18:51 of 1st period - Shot by Kyle Palmieri.
18:51 of 1st period - Stopped by Alex Stalock without a rebound.
18:52 of 1st period - Tyler Johnson wins face-off versus James van Riemsdyk in BUFFALO zone.
18:59 of 1st period - Shot by Craig Smith.
18:59 of 1st period - Shot Misses the Net.
19:07 of 1st period - Justin Holl is hit by James van Riemsdyk and loses puck.
19:22 of 1st period - Shot by David Perron.
19:22 of 1st period - Shot Misses the Net.
19:49 of 1st period - Drew Doughty is hit by Oliver Ekman-Larsson and loses puck.
19:58 of 1st period - Shot by Oliver Ekman-Larsson.
19:58 of 1st period - Shot Misses the Net.
Goals for this period are 1 for EDMONTON vs 0 for BUFFALO.
Shots for this period are 8 for EDMONTON vs 12 for BUFFALO.

2nd period


0:01 of 2nd period - Matt Duchene wins face-off versus Jakub Voracek in neutral zone.
0:03 of 2nd period - Drew Doughty is hit by Kyle Palmieri and loses puck.
0:17 of 2nd period - Icing by Oliver Ekman-Larsson.
0:18 of 2nd period - Anze Kopitar wins face-off versus Eric Staal in EDMONTON zone.
0:18 of 2nd period - Anze Kopitar is hit by Charlie Coyle.
0:33 of 2nd period - Jakub Voracek is hit by Brent Seabrook and loses puck.
1:29 of 2nd period - Shot by Brock Nelson.
1:29 of 2nd period - Stopped by Darcy Kuemper with a rebound.
1:31 of 2nd period - Shot by Brad Marchand.
1:31 of 2nd period - Shot Blocked by Jason Demers.
1:37 of 2nd period - Shot by Brad Marchand.
1:37 of 2nd period - Shot Blocked by Derek Ryan.
2:34 of 2nd period - Tyler Johnson is hit by Carl Hagelin and loses puck.
3:23 of 2nd period - Shot by Brent Seabrook.
3:23 of 2nd period - Stopped by Darcy Kuemper without a rebound.
3:24 of 2nd period - Nate Thompson wins face-off versus Mathieu Perreault in EDMONTON zone.
3:35 of 2nd period - Shot by Josh Archibald.
3:35 of 2nd period - Shot Misses the Net.
4:57 of 2nd period - Brock Nelson is hit by Kyle Palmieri and loses puck.
5:01 of 2nd period - Icing by Brent Seabrook.
5:02 of 2nd period - Matt Duchene wins face-off versus Derek Ryan in BUFFALO zone.
6:08 of 2nd period - Shot by Kyle Palmieri.
6:08 of 2nd period - Shot Misses the Net.
6:10 of 2nd period - Shot by Kyle Palmieri.
6:10 of 2nd period - Shot Misses the Net.
6:12 of 2nd period - Shot by Derek Forbort.
6:12 of 2nd period - Stopped by Alex Stalock without a rebound.
6:13 of 2nd period - Jordan Staal wins face-off versus Josh Archibald in BUFFALO zone.
6:52 of 2nd period - Marco Scandella is hit by Josh Archibald and loses puck.
7:33 of 2nd period - Jakub Voracek is hit by Brent Seabrook.
7:43 of 2nd period - Shot by Anze Kopitar.
7:43 of 2nd period - Shot Misses the Net.
8:01 of 2nd period - Roman Josi is hit by Jakub Voracek and loses puck.
8:27 of 2nd period - Brock Nelson is hit by Justin Holl and loses puck.
8:54 of 2nd period - Shot by James van Riemsdyk.
8:54 of 2nd period - Shot Blocked by Justin Holl.
9:09 of 2nd period - Shot by Charlie Coyle.
9:09 of 2nd period - Shot Blocked by Derek Forbort.
9:11 of 2nd period - Shot by Marco Scandella.
9:11 of 2nd period - Shot Blocked by Justin Holl.
9:12 of 2nd period - Minor Penalty to Derek Forbort for Hooking.
9:13 of 2nd period - Eric Staal wins face-off versus Vincent Hinostroza in EDMONTON zone.
9:21 of 2nd period - Shot by Charlie Coyle.
9:21 of 2nd period - Stopped by Darcy Kuemper without a rebound.
9:22 of 2nd period - Matt Duchene wins face-off versus Darren Helm in EDMONTON zone.
10:56 of 2nd period - Shot by Matt Duchene.
10:56 of 2nd period - Stopped by Darcy Kuemper without a rebound.
10:57 of 2nd period - Anze Kopitar wins face-off versus Eric Staal in EDMONTON zone.
11:18 of 2nd period - Shot by Alex Killorn.
11:18 of 2nd period - Stopped by Darcy Kuemper without a rebound.
11:19 of 2nd period - Tyler Johnson wins face-off versus Jordan Staal in EDMONTON zone.
11:32 of 2nd period - Shot by David Perron.
11:32 of 2nd period - Stopped by Alex Stalock without a rebound.
11:33 of 2nd period - Mathieu Perreault wins face-off versus Nate Thompson in BUFFALO zone.
11:47 of 2nd period - Travis Hamonic is hit by Brent Seabrook and loses puck.
13:38 of 2nd period - Shot by Eric Staal.
13:38 of 2nd period - Stopped by Darcy Kuemper without a rebound.
13:39 of 2nd period - Anze Kopitar wins face-off versus Jordan Staal in EDMONTON zone.
14:58 of 2nd period - Shot by Noel Acciari.
14:58 of 2nd period - Stopped by Darcy Kuemper with a rebound.
15:11 of 2nd period - Travis Hamonic is hit by David Backes and loses puck.
15:24 of 2nd period - Anze Kopitar is hit by Brock Nelson and loses puck.
15:31 of 2nd period - Shot by Brad Marchand.
15:31 of 2nd period - Shot Misses the Net.
15:39 of 2nd period - Shot by Brock Nelson.
15:39 of 2nd period - Stopped by Darcy Kuemper with a rebound.
15:41 of 2nd period - Shot by Brock Nelson.
15:41 of 2nd period - Stopped by Darcy Kuemper without a rebound.
15:42 of 2nd period - Derek Ryan wins face-off versus Eric Staal in EDMONTON zone.
15:42 of 2nd period - Derek Ryan is hit by Eric Staal.
15:47 of 2nd period - Vincent Hinostroza is hit by Brent Seabrook and loses puck.
16:53 of 2nd period - Brooks Orpik is hit by Marc Staal and loses puck.
17:18 of 2nd period - Shot by Tyler Johnson.
17:18 of 2nd period - Shot Misses the Net.
18:17 of 2nd period - Shot by Nate Thompson.
18:17 of 2nd period - Deflect By David Backes.
18:17 of 2nd period - Shot Misses the Net.
18:27 of 2nd period - Shot by Shea Theodore.
18:27 of 2nd period - Stopped by Darcy Kuemper without a rebound.
18:28 of 2nd period - Eric Staal wins face-off versus Tyler Johnson in EDMONTON zone.
18:55 of 2nd period - Shot by Craig Smith.
18:55 of 2nd period - Shot Blocked by Marc Staal.
18:57 of 2nd period - Shot by Derek Forbort.
18:57 of 2nd period - Stopped by Alex Stalock without a rebound.
18:58 of 2nd period - Anze Kopitar wins face-off versus Matt Duchene in BUFFALO zone.
19:02 of 2nd period - Icing by Drew Doughty.
19:03 of 2nd period - Derek Ryan wins face-off versus Brad Marchand in BUFFALO zone.
19:11 of 2nd period - Icing by Roman Josi.
19:12 of 2nd period - Anze Kopitar wins face-off versus Matt Duchene in BUFFALO zone.
19:13 of 2nd period - Shot by Jakub Voracek.
19:13 of 2nd period - Stopped by Alex Stalock without a rebound.
19:14 of 2nd period - Matt Duchene wins face-off versus Derek Ryan in BUFFALO zone.
19:56 of 2nd period - Brad Marchand is hit by Travis Hamonic.
Goals for this period are 0 for EDMONTON vs 0 for BUFFALO.
Shots for this period are 4 for EDMONTON vs 10 for BUFFALO.

3rd period


0:01 of 3rd period - Tyler Johnson wins face-off versus Eric Staal in neutral zone.
0:49 of 3rd period - Icing by Tyler Johnson.
0:50 of 3rd period - Matt Duchene wins face-off versus Tyler Johnson in EDMONTON zone.
1:09 of 3rd period - Icing by Brock Nelson.
1:10 of 3rd period - Anze Kopitar wins face-off versus Matt Duchene in BUFFALO zone.
1:11 of 3rd period - Shot by Kyle Palmieri.
1:11 of 3rd period - Stopped by Alex Stalock without a rebound.
1:12 of 3rd period - Jordan Staal wins face-off versus Anze Kopitar in BUFFALO zone.
1:27 of 3rd period - Shot by Kyle Palmieri.
1:27 of 3rd period - Deflect By Anze Kopitar.
1:27 of 3rd period - Stopped by Alex Stalock without a rebound.
1:28 of 3rd period - Derek Ryan wins face-off versus Matt Duchene in BUFFALO zone.
1:40 of 3rd period - Vincent Hinostroza is hit by Brent Seabrook and loses puck.
1:55 of 3rd period - Shot by Derek Ryan.
1:55 of 3rd period - Shot Misses the Net.
2:05 of 3rd period - Shot by Brad Marchand.
2:05 of 3rd period - Stopped by Darcy Kuemper without a rebound.
2:06 of 3rd period - Eric Staal wins face-off versus Jakub Voracek in EDMONTON zone.
2:06 of 3rd period - Roman Josi is hit by Brooks Orpik and loses puck.
2:13 of 3rd period - Shot by Eric Staal.
2:13 of 3rd period - Stopped by Darcy Kuemper with a rebound.
2:42 of 3rd period - Eric Staal is hit by Brooks Orpik.
2:44 of 3rd period - Shot by Charlie Coyle.
2:44 of 3rd period - Shot Misses the Net.
3:10 of 3rd period - Shot by Jordan Staal.
3:10 of 3rd period - Stopped by Darcy Kuemper with a rebound.
3:13 of 3rd period - Jordan Staal is hit by Oliver Ekman-Larsson and loses puck.
3:28 of 3rd period - Shot by Alex Killorn.
3:28 of 3rd period - Stopped by Darcy Kuemper without a rebound.
3:29 of 3rd period - Matt Duchene wins face-off versus Derek Ryan in EDMONTON zone.
3:29 of 3rd period - Matt Duchene is hit by Justin Holl.
3:35 of 3rd period - Shot by Brock Nelson.
3:35 of 3rd period - Stopped by Darcy Kuemper without a rebound.
3:36 of 3rd period - Matt Duchene wins face-off versus Derek Ryan in EDMONTON zone.
3:57 of 3rd period - Shot by Brad Marchand.
3:57 of 3rd period - Stopped by Darcy Kuemper without a rebound.
3:58 of 3rd period - Tyler Johnson wins face-off versus Eric Staal in EDMONTON zone.
3:58 of 3rd period - David Perron is hit by Eric Staal and loses puck.
4:47 of 3rd period - Shot by Anze Kopitar.
4:47 of 3rd period - Stopped by Alex Stalock without a rebound.
4:48 of 3rd period - Anze Kopitar wins face-off versus Brock Nelson in BUFFALO zone.
5:12 of 3rd period - Shot by Matt Duchene.
5:12 of 3rd period - Shot Misses the Net.
5:15 of 3rd period - Brad Marchand is hit by Brooks Orpik and loses puck.
5:28 of 3rd period - Shot by Brock Nelson.
5:28 of 3rd period - Shot Blocked by Jason Demers.
5:29 of 3rd period - Minor Penalty to Brad Marchand for Holding.
5:29 of 3rd period - Double Minor Penalty to Jason Demers for Roughing.
5:30 of 3rd period - Anze Kopitar wins face-off versus Brock Nelson in EDMONTON zone.
5:55 of 3rd period - Shot by Anze Kopitar.
5:55 of 3rd period - Shot Misses the Net.
6:13 of 3rd period - Shot by Jordan Staal.
6:13 of 3rd period - Shot Misses the Net.
6:15 of 3rd period - Shot by Shea Theodore.
6:15 of 3rd period - Stopped by Darcy Kuemper without a rebound.
6:16 of 3rd period - Jordan Staal wins face-off versus David Perron in EDMONTON zone.
6:47 of 3rd period - Minor Penalty to Roman Josi for Hooking.
6:48 of 3rd period - Jordan Staal wins face-off versus Tyler Johnson in BUFFALO zone.
7:21 of 3rd period - Shot by Travis Hamonic.
7:21 of 3rd period - Stopped by Alex Stalock with a rebound.
7:32 of 3rd period - Icing by Derek Forbort.
7:33 of 3rd period - Anze Kopitar wins face-off versus Eric Staal in EDMONTON zone.
7:33 of 3rd period - Anze Kopitar is hit by Brock Nelson.
8:16 of 3rd period - Icing by Travis Hamonic.
8:17 of 3rd period - Eric Staal wins face-off versus David Perron in EDMONTON zone.
8:24 of 3rd period - Shot by Brock Nelson.
8:24 of 3rd period - Shot Misses the Net.
8:33 of 3rd period - Drew Doughty is hit by Kyle Palmieri and loses puck.
9:35 of 3rd period - Icing by Colin Wilson.
9:36 of 3rd period - Mathieu Perreault wins face-off versus Nate Thompson in EDMONTON zone.
9:38 of 3rd period - Icing by Derek Forbort.
9:39 of 3rd period - Nate Thompson wins face-off versus Mathieu Perreault in EDMONTON zone.
9:42 of 3rd period - Shot by Noel Acciari.
9:42 of 3rd period - Stopped by Darcy Kuemper without a rebound.
9:43 of 3rd period - Nate Thompson wins face-off versus Tyler Johnson in EDMONTON zone.
9:50 of 3rd period - Shot by David Backes.
9:50 of 3rd period - Shot Blocked by Justin Holl.
9:56 of 3rd period - Shot by Craig Smith.
9:56 of 3rd period - Shot Misses the Net.
9:58 of 3rd period - Shot by Derek Forbort.
9:58 of 3rd period - Shot Misses the Net.
10:06 of 3rd period - Shot by Craig Smith.
10:06 of 3rd period - Shot Misses the Net.
10:16 of 3rd period - Shot by David Perron.
10:16 of 3rd period - Shot Misses the Net.
10:42 of 3rd period - Shot by Derek Ryan.
10:42 of 3rd period - Deflect By Vincent Hinostroza.
10:42 of 3rd period - Shot Misses the Net.
10:44 of 3rd period - Shot by Vincent Hinostroza.
10:44 of 3rd period - Shot Misses the Net.
11:04 of 3rd period - Shot by Derek Ryan.
11:04 of 3rd period - Stopped by Alex Stalock without a rebound.
11:05 of 3rd period - Jordan Staal wins face-off versus Anze Kopitar in BUFFALO zone.
11:05 of 3rd period - Jordan Staal is hit by Jakub Voracek.
11:16 of 3rd period - Jordan Staal is hit by Brooks Orpik and loses puck.
12:13 of 3rd period - Shot by Eric Staal.
12:13 of 3rd period - Shot Misses the Net.
12:23 of 3rd period - Shot by Tyler Johnson.
12:23 of 3rd period - Shot Misses the Net.
12:25 of 3rd period - Shot by David Perron.
12:25 of 3rd period - Stopped by Alex Stalock with a rebound.
12:45 of 3rd period - Shot by Eric Staal.
12:45 of 3rd period - Stopped by Darcy Kuemper without a rebound.
12:46 of 3rd period - Mathieu Perreault wins face-off versus Matt Duchene in EDMONTON zone.
13:23 of 3rd period - Off-side.
13:24 of 3rd period - Nate Thompson wins face-off versus Kyle Palmieri in neutral zone.
13:46 of 3rd period - Icing by Jason Demers.
13:47 of 3rd period - Anze Kopitar wins face-off versus Eric Staal in EDMONTON zone.
13:56 of 3rd period - Shot by Kyle Palmieri.
13:56 of 3rd period - Goal by Kyle Palmieri - EDMONTON : 2 - BUFFALO : 0.
13:57 of 3rd period - Matt Duchene wins face-off versus Derek Ryan in neutral zone.
14:17 of 3rd period - Off-side.
14:18 of 3rd period - Charlie Coyle wins face-off versus Kyle Palmieri in neutral zone.
14:25 of 3rd period - Shot by James van Riemsdyk.
14:25 of 3rd period - Stopped by Darcy Kuemper without a rebound.
14:26 of 3rd period - Kyle Palmieri wins face-off versus Eric Staal in EDMONTON zone.
14:37 of 3rd period - Shot by Anze Kopitar.
14:37 of 3rd period - Stopped by Alex Stalock without a rebound.
14:38 of 3rd period - Brock Nelson wins face-off versus Derek Ryan in BUFFALO zone.
15:33 of 3rd period - Icing by Kyle Palmieri.
15:34 of 3rd period - Anze Kopitar wins face-off versus Eric Staal in EDMONTON zone.
16:04 of 3rd period - Shot by James van Riemsdyk.
16:04 of 3rd period - Shot Blocked by Travis Hamonic.
16:06 of 3rd period - Shot by Charlie Coyle.
16:06 of 3rd period - Shot Misses the Net.
17:23 of 3rd period - Icing by Marco Scandella.
17:24 of 3rd period - Nate Thompson wins face-off versus Derek Ryan in BUFFALO zone.
17:35 of 3rd period - Shot by Noel Acciari.
17:35 of 3rd period - Stopped by Darcy Kuemper without a rebound.
17:36 of 3rd period - Matt Duchene wins face-off versus Mathieu Perreault in EDMONTON zone.
17:42 of 3rd period - Minor Penalty to Brad Marchand for Hooking.
17:43 of 3rd period - Jordan Staal wins face-off versus Anze Kopitar in BUFFALO zone.
17:43 of 3rd period - Jordan Staal is hit by Jakub Voracek.
17:52 of 3rd period - Icing by Anze Kopitar.
17:53 of 3rd period - Anze Kopitar wins face-off versus Jordan Staal in EDMONTON zone.
18:58 of 3rd period - Shot by Jason Demers.
18:58 of 3rd period - Shot Blocked by Marc Staal.
19:31 of 3rd period - Shot by Travis Hamonic.
19:31 of 3rd period - Shot Blocked by Roman Josi.
19:43 of 3rd period - Shot by Vincent Hinostroza.
19:43 of 3rd period - Stopped by Alex Stalock without a rebound.
19:44 of 3rd period - Eric Staal wins face-off versus Derek Ryan in BUFFALO zone.
Goals for this period are 1 for EDMONTON vs 0 for BUFFALO.
Shots for this period are 9 for EDMONTON vs 11 for BUFFALO.